 Dungeon Crawl Stone Soup version 0.28-a0-863-g8cecda6153 (webtiles) character file.

Game seed: 2946155983085000599

63 CowFu the Magician (level 4, -2/32 HPs)
             Began as a Gnoll Wanderer on Nov 17, 2021.
             Was a Follower of Dithmenos.
             Slain by Terence (3 damage)
             ... on level 3 of the Dungeon.
             The game lasted 00:02:35 (2850 turns).

CowFu the Magician (Gnoll Wanderer)                 Turns: 2850, Time: 00:02:36

Health: -2/32      AC:  2    Str: 14    XL:     4   Next: 9%
Magic:  1/13       EV: 11    Int: 11    God:    Dithmenos [*.....]
Gold:   33         SH:  0    Dex: 10    Spells: 14/17 levels left

rFire   . . .      SeeInvis .     - Unarmed
rCold   . . .      Faith    .   (no shield)
rNeg    . . .      Spirit   .   b - +0 robe
rPois   .          Reflect  .   (no helmet)
rElec   .          Harm     .   (no cloak)
rCorr   .          Rampage  .   (no gloves)
Will    .....                   (no boots)
Stlth   ++........              (no amulet)
HPRegen 0.10/turn               (no ring)
MPRegen 0.13/turn               (no ring)

@: very slightly contaminated, wreathed by umbra
A: fangs 1, strong nose, distributed training
a: Renounce Religion


You were on level 3 of the Dungeon.
You worshipped Dithmenos.
Dithmenos was aware of your devotion.
You visited 1 branch of the dungeon, and saw 3 of its levels.

You collected 33 gold pieces.

Inventory:

Hand Weapons
 a - a +0 short sword
Armour
 b - a +0 robe (worn)
Scrolls
 c - a scroll of enchant armour {unknown}
 e - a scroll of vulnerability {unknown}
 f - a scroll of immolation {unknown}
 h - a scroll of teleportation {unknown}
 j - a scroll of noise {unknown}
 k - 2 scrolls of identify {unknown}
 l - a scroll of blinking {unknown}
Potions
 d - a potion of lignification {unknown}
 g - a potion of flight {unknown}


   Skills:
 + Level 1.0 Fighting
 + Level 1.0 Short Blades
 + Level 1.0 Long Blades
 + Level 1.0 Axes
 + Level 1.0 Maces & Flails
 + Level 1.0 Polearms
 + Level 1.0 Staves
 + Level 1.0 Slings
 + Level 1.0 Bows
 + Level 1.0 Crossbows
 + Level 1.0 Throwing
 + Level 1.0 Armour
 + Level 1.0 Dodging
 + Level 2.5 Stealth
 + Level 2.7 Shields
 + Level 6.6 Unarmed Combat
 + Level 7.2 Spellcasting
 + Level 2.2 Conjurations
 + Level 0.8 Hexes
 + Level 0.8 Summonings
 + Level 0.8 Necromancy
 + Level 0.8 Translocations
 + Level 0.8 Transmutations
 + Level 0.8 Fire Magic
 + Level 0.8 Ice Magic
 + Level 0.8 Air Magic
 + Level 0.8 Earth Magic
 + Level 2.2 Poison Magic
 + Level 1.1 Invocations
 + Level 1.0 Evocations


You had 14 spell levels left.
You knew the following spells:

 Your Spells              Type           Power      Damage    Failure   Level
a - Sting                 Tmut/Pois      28%        1d4       10%         1
b - Poisonous Vapours     Pois/Air       14%        N/A       14%         2

Your spell library contained the following spells:

 Spells                   Type           Power      Damage    Failure   Level
 Freeze                   Ice            20%        1d4       12%         1
 Mephitic Cloud           Conj/Pois/Air  7%         N/A       26%         3
 Frozen Ramparts          Ice            10%        1d3       36%         3
 Olgreb's Toxic Radiance  Pois           8%         N/A       56%         4


Dungeon Overview and Level Annotations

Branches:
Dungeon (3/15)

Altars:
Dithmenos

Annotations:
D:3 Terence


Innate Abilities, Weirdness & Mutations

You have very sharp teeth.
Your uncanny sense of smell can sniff out nearby items.
Your experience applies equally to all skills.


Message History

Confirm with . or Enter, or press ? or * to list all spells.
Aiming: Poisonous Vapours (safe; 14% risk of failure)
Press: ? - help, Dir - move target, f/p - Terence
Aim: Terence, wielding a +0 falchion and wearing a +0 ring mail (fast, poisoned) Poisonous vapours surround Terence!
Terence looks even sicker.
The giant cockroach barely misses you.
Casting: Poisonous Vapours (safe; 14% risk of failure)
Confirm with . or Enter, or press ? or * to list all spells.
Aiming: Sting (safe; 10% risk of failure)
Press: ? - help, Shift-Dir - straight line, f/p - Terence
Aim: Terence, wielding a +0 falchion and wearing a +0 ring mail (fast, very poisoned, 72% to hit)
The sting hits the giant cockroach.
The giant cockroach is poisoned.
The giant cockroach is almost dead.
You kill the giant cockroach!
Dithmenos accepts your kill.
You barely miss Terence. You bite Terence.
Terence is lightly wounded.
Terence hits you but does no damage. Terence barely misses you.
You hit Terence but do no damage.
Terence is moderately wounded.
Terence barely misses you.
You hit Terence. You bite Terence, but do no damage.
Terence is moderately wounded.
Terence closely misses you.
You hit Terence.
Terence is moderately wounded.
Terence closely misses you. Terence hits you with a +0 falchion.
You closely miss Terence.
Terence is moderately wounded.
Terence hits you with a +0 falchion.
You closely miss Terence.
Terence is heavily wounded.
Terence hits you with a +0 falchion. Terence hits you with a +0 falchion.
* * * LOW HITPOINT WARNING * * *
Terence hits you with a +0 falchion!
* * * LOW HITPOINT WARNING * * *
You see here 20 arrows.
Terence hits you with a +0 falchion.
You die...

#.## ... #.. .. .
#.####.###)#...#
#........†......
#########.##)h.##.#
#......##.# .......
##.###.##S# #....##
#.# #.##@# ......
#.# #.##@# ......
#.# #.##.# #####
#.# #.##.#
#.###.##.#
#.....##.#
#..#####.# #..# #.#
#..#####.#
#......#.#


You could see Terence (fast, poisoned) and an adder.

Vanquished Creatures
  An adder (D:2)
  2 worms (D:2)
  2 dart slugs
  6 endoplasms
  2 giant cockroaches
  4 goblins
  4 hobgoblins (D:1)
  A jackal (D:3)
  4 quokkas
  A ball python (D:1)
  2 bats (D:2)
  2 frilled lizards
  4 kobolds
  6 rats
41 creatures vanquished.

Notes
Turn   | Place    | Note
-------+----------+-------------------------------------------
     0 | D:1      | CowFu the Gnoll Wanderer began the quest for the Orb.
     0 | D:1      | CowFu set off with the following items: a +0 short sword, a
                  | +0 robe; and the following spells available to memorise:
                  | Sting, Freeze, Poisonous Vapours, Mephitic Cloud, Frozen
                  | Ramparts, Olgreb's Toxic Radiance
     0 | D:1      | Reached XP level 1. HP: 13/13 MP: 8/8
   269 | D:1      | Reached XP level 2. HP: 19/19 MP: 10/10
   271 | D:1      | Learned a level 1 spell: Sting
   774 | D:1      | Reached XP level 3. HP: 20/25 MP: 7/11
  1359 | D:2      | Found a faded altar of an unknown god.
  1366 | D:2      | Prayed at the altar of an unknown god.
  1366 | D:2      | Became a worshipper of Dithmenos the Shadowed
  1366 | D:2      | Reached * piety under Dithmenos
  1832 | D:2      | Reached skill level 1 in Invocations
  2141 | D:2      | Reached skill level 1 in Fighting
  2141 | D:2      | Reached skill level 1 in Short Blades
  2141 | D:2      | Reached skill level 1 in Long Blades
  2141 | D:2      | Reached skill level 1 in Axes
  2141 | D:2      | Reached skill level 1 in Maces & Flails
  2141 | D:2      | Reached skill level 1 in Polearms
  2141 | D:2      | Reached skill level 1 in Staves
  2141 | D:2      | Reached skill level 1 in Slings
  2141 | D:2      | Reached skill level 1 in Bows
  2141 | D:2      | Reached skill level 1 in Crossbows
  2141 | D:2      | Reached skill level 1 in Throwing
  2141 | D:2      | Reached skill level 1 in Armour
  2141 | D:2      | Reached skill level 1 in Dodging
  2141 | D:2      | Reached skill level 1 in Evocations
  2487 | D:2      | Learned a level 2 spell: Poisonous Vapours
  2722 | D:3      | Reached XP level 4. HP: 29/32 MP: 10/13
  2827 | D:3      | Noticed Terence
  2848 | D:3      | HP: 1/32 [Terence (7)]
  2850 | D:3      | Slain by Terence

Illustrated notes

Levels and vault maps discovered:
D:1:      lightli_arrival_statuegarden, layout_basic, kennysheep_nondescript,
          nrook_campfire, hangedman_decor_peaks_small
D:2:      layout_loops_ring, chequers_ecumenical_altar_simple_redux
D:3:      layout_basic, uniq_natasha, uniq_jessica, uniq_terence

Skill      XL: |  1  2  3 |
---------------+----------+-----
Conjurations   | 2 |  2.2
Poison Magic   | 2 |  2.2
Invocations    | 1 |  1.1
Fighting       | 1 |  1.0
Short Blades   | 1 |  1.0
Long Blades    | 1 |  1.0
Axes           | 1 |  1.0
Maces & Flails | 1 |  1.0
Polearms       | 1 |  1.0
Staves         | 1 |  1.0
Slings         | 1 |  1.0
Bows           | 1 |  1.0
Crossbows      | 1 |  1.0
Throwing       | 1 |  1.0
Armour         | 1 |  1.0
Dodging        | 1 |  1.0
Evocations     | 1 |  1.0
Stealth        | |  2.5
Shields        | |  2.7
Unarmed Combat | |  6.6
Spellcasting   | |  7.2
Hexes          | |  0.8
Summonings     | |  0.8
Necromancy     | |  0.8
Translocations | |  0.8
Transmutations | |  0.8
Fire Magic     | |  0.8
Ice Magic      | |  0.8
Air Magic      | |  0.8
Earth Magic    | |  0.8

Action                   |  1- 3 |  4- 6 || total
-------------------------+-------+-------++-------
Melee: Unarmed           |    35 |     7 ||    42
       Bite              |     3 |     2 ||     5
       Punch             |       |     1 ||     1
Throw: Throwing net      |     1 |     1 ||     2
 Cast: Sting             |    78 |     7 ||    85
       Poisonous Vapours |       |     2 ||     2
 Stab: Sleeping          |     2 |       ||     2
Armor: Robe              |     8 |     2 ||    10
Dodge: Dodged            |    27 |    12 ||    39

Table legend: (Time is in decaauts)
 A = Elapsed time spent in this place.
 B = Non-inter-level travel time spent in this place.
 C = Inter-level travel time spent in this place.
 D = Time resting spent in this place.
 E = Time spent auto-exploring this place.
 F = Levels seen in this place.
 G = Mean time per level.
                   A        B        C        D        E       F      G
               +--------+--------+--------+--------+--------+-----+--------+
         Total |   2843 |   2805 |     38 |      0 |   2513 |   3 |  947.7 |
       Dungeon |   2843 |   2805 |     38 |      0 |   2513 |   3 |  947.7 |
               +--------+--------+--------+--------+--------+-----+--------+

Top non-repeatable levels by time:
     D:2: 1502 daAuts
     D:1: 1211 daAuts
     D:3: 130 daAuts
